 Dungeon Crawl Stone Soup version 0.26.1-11-gd32895ea62 (webtiles) character file.

Game seed: 16688852883946597200

225 Jerry the Ruffian (level 5, -4/53 HPs)
             Began as a Troll Monk on July 1, 2021.
             Killed by divine providence
             ... invoked by an orc priest
              (15 damage)
             ... on level 4 of the Dungeon.
             The game lasted 00:04:36 (1757 turns).

Jerry the Ruffian (Troll Monk)                      Turns: 1757, Time: 00:04:37

Health: -4/53      AC: 10    Str: 20    XL:     5   Next: 68%
Magic:  4/4        EV: 11    Int:  6    God:
Gold:   201        SH:  0    Dex: 12    Spells: 4/4 levels left

rFire    . . .     SeeInvis .     - Unarmed
rCold    . . .     Faith    .   (no shield)
rNeg     . . .     Spirit   .   a - +0 robe
rPois    .         Reflect  .   (helmet restricted)
rElec    .         Harm     .   (no cloak)
rCorr    .         Rampage  .   (gloves unavailable)
Will     .....                  (boots unavailable)
Stlth    ++........             (no amulet)
HPRegen  0.57/turn              b - +4 ring of slaying
MPRegen  0.09/turn              o - +4 ring of protection

@: slowed, very slow
A: large, unfitting armour, claws 3, regeneration 1, shaggy fur 1, tough skin 3
a: no special abilities


You were on level 4 of the Dungeon.
You visited 1 branch of the dungeon, and saw 4 of its levels.

You collected 201 gold pieces.

Inventory:

Missiles
 n - 2 throwing nets (quivered)
Armour
 a - a +0 robe (worn)
Jewellery
 b - a +4 ring of slaying (left claw)
 j - a +6 ring of strength
 o - a +4 ring of protection (right claw)
Scrolls
 c - a scroll of enchant armour {unknown}
 d - 5 scrolls of identify {unknown}
 f - a scroll of teleportation {unknown}
 i - 2 scrolls of random uselessness {unknown}
 k - a scroll of noise {unknown}
 p - a scroll of remove curse {unknown}
Potions
 e - 5 potions of magic {unknown}
 g - a potion of attraction {unknown}
 h - a potion of haste {unknown}
 l - 2 potions of degeneration {unknown}
 m - 2 potions of cancellation {unknown}
 q - a potion of might {unknown}


   Skills:
 + Level 3.1 Fighting
 + Level 1.0 Throwing
 + Level 3.2 Dodging
 + Level 1.6 Stealth
 * Level 4.6 Unarmed Combat


You had 4 spell levels left.
You didn't know any spells.
Your spell library was empty.

Dungeon Overview and Level Annotations

Branches:
Dungeon (4/15)
 Temple: D:4-7

Altars:
Trog


Innate Abilities, Weirdness & Mutations

You are too large for most types of armour.
You have claws for hands.
Your natural rate of healing is unusually fast.
You are covered in fur. (AC +1)
You have extremely tough skin. (AC +3)


Message History

The magic dart hits you.
* * * LOW HITPOINT WARNING * * *
The orc wizard casts a spell.
The orc wizard blinks!
You claw the orc wizard!
The orc wizard is almost dead.
The orc wizard barely misses you.
You miss the orc wizard.
The orc wizard is almost dead.
The orc wizard points at you and mumbles some strange words.
You resist with some effort.
The orc wizard miscasts a cantrip.
The orc wizard casts a spell.
The orc wizard seems to speed up.
You scratch the orc wizard.
You kill the orc wizard!
The orc wizard is no longer moving quickly.
The orc priest invokes the aid of Beogh against you.
Beogh smites you!
You die...

.... #......#..# #. #......##.#
###'########
#......##.###..........########
#......##††##...............o.#
#......###.##..........o#####.#
#......# #..#.........)o# #.#
#......####.###'#######o# #o#
+..........(....@oo...#o# #.#
#).....####..##)#####.#o# #.#
))......<.......# #.#o# #o#
#######.####....#####.#.#####o###
#.#.....)......o#'##....o..
#.#.###.........o..#.......
#.#.##.............#.......
#.#................#.....>.
#.#####...###....##########


You could see an orc priest and an orc wizard.

Vanquished Creatures
  An ogre (D:4)
  An orc wizard (D:4)
  3 gnolls (D:3)
  3 adders
  2 worms (D:2)
  3 dart slugs
  6 orcs
  2 ball pythons
  3 giant cockroaches
  5 hobgoblins
  7 jackals
  8 bats
  3 frilled lizards
  6 goblins
  7 kobolds
  9 rats
69 creatures vanquished.

Notes
Turn   | Place    | Note
-------+----------+-------------------------------------------
     0 | D:1      | Jerry the Troll Monk began the quest for the Orb.
     0 | D:1      | Reached XP level 1. HP: 22/22 MP: 0/0
    50 | D:1      | Reached XP level 2. HP: 28/29 MP: 1/1
   580 | D:2      | Reached XP level 3. HP: 36/36 MP: 2/2
   925 | D:2      | Reached skill level 4 in Unarmed Combat
   925 | D:2      | Reached XP level 4. HP: 44/44 MP: 3/3
  1483 | D:3      | Found a bloodstained altar of Trog.
  1602 | D:4      | Reached XP level 5. HP: 53/53 MP: 4/4
  1658 | D:4      | Noticed an ogre
  1661 | D:4      | Killed an ogre
  1662 | D:4      | Reached skill level 1 in Throwing
  1744 | D:4      | HP: 1/53 [orc priest/divine providence (11)]
  1757 | D:4      | Killed from afar by an orc priest

Illustrated notes

Levels and vault maps discovered:
D:1:      doesnt_arrival_eight_statues, layout_rooms, dk_noncrumbling_4,
          item_on_display_a
D:2:      layout_rooms, grunt_decor_cap, kennysheep_cross_room
D:3:      layout_rooms, general_overflow_altar, kennysheep_nub
D:4:      layout_basic, old_standard_altar

Skill      XL: |  1  2  3  4  5 |
---------------+----------------+-----
Unarmed Combat | 4 |  4.6
Dodging        | 3 |  3.2
Fighting       | 3 |  3.1
Throwing       | 1 |  1.0
Stealth        | |  1.6

Action                   |  1- 3 |  4- 6 || total
-------------------------+-------+-------++-------
Melee: Unarmed           |    72 |    68 ||   140
       Punch             |     1 |     1 ||     2
 Stab: Sleeping          |     4 |     1 ||     5
Armor: Robe              |    30 |    22 ||    52
Dodge: Dodged            |    36 |    45 ||    81
